 Dungeon Crawl Stone Soup version 0.30-a0-1116-gebefce21f7 (webtiles) character file.

Game seed: 10495842979809238029

35 retardedninja the Firebug (level 3, 0/22 HPs)
             Began as a Gnoll Fire Elementalist on Apr 21, 2023.
             Succumbed to an adder's poison
             ... on level 2 of the Dungeon.
             The game lasted 00:02:19 (1425 turns).

retardedninja the Firebug (Gnoll Fire Elementalist) Turns: 1425, Time: 00:02:20

Health: 0/22       AC:  3    Str:  8 (11) XL:     3   Next: 33%
Magic:  6/9        EV: 13    Int: 14 (15) God:
Gold:   79         SH:  0    Dex:  9 (11) Spells: 9/12 levels left

rFire   + . .      SeeInvis .    k - +0 broad axe
rCold   + . .      Faith    .    (no shield)
rNeg    . . .      Spirit   .    a - +0 robe
rPois   +          Reflect  .    (no helmet)
rElec   +          Rampage  .    (no cloak)
rCorr   +                        (no gloves)
Will    .....                    j - +0 pair of boots
Stlth   ++                       (no amulet)
HPRegen 0.23/turn                (no ring)
MPRegen 0.11/turn                (no ring)

@: lethally poisoned (0 -> -2), resistant
A: fangs 1, strong nose, distributed training, frail 1, strong 1
a: no special abilities


You were on level 2 of the Dungeon.
You visited 1 branch of the dungeon, and saw 2 of its levels.

You collected 79 gold pieces.

Inventory:

Hand Weapons
 k - a +0 broad axe (weapon)
Armour
 a - a +0 robe (worn)
 j - a +0 pair of boots (worn)
Scrolls
 c - a scroll of identify {unknown}
 d - a scroll of vulnerability {unknown}
 h - a scroll of blinking {unknown}
Potions
 b - a potion of magic


   Skills:
 + Level 0.8 Fighting
 + Level 0.8 Short Blades
 + Level 0.8 Long Blades
 + Level 0.8 Axes
 + Level 0.8 Maces & Flails
 + Level 0.8 Polearms
 + Level 0.8 Staves
 + Level 0.8 Ranged Weapons
 + Level 0.8 Throwing
 + Level 0.8 Armour
 + Level 4.5 Dodging
 + Level 4.1 Stealth
 + Level 0.8 Shields
 + Level 0.8 Unarmed Combat
 + Level 5.0 Spellcasting
 + Level 2.1 Conjurations
 + Level 0.5 Hexes
 + Level 0.5 Summonings
 + Level 0.5 Necromancy
 + Level 0.5 Translocations
 + Level 0.5 Transmutations
 + Level 5.4 Fire Magic
 + Level 0.5 Ice Magic
 + Level 0.5 Air Magic
 + Level 0.5 Earth Magic
 + Level 0.5 Poison Magic
 + Level 1.0 Invocations
 + Level 0.8 Evocations


You had 9 spell levels left.
You knew the following spells:

 Your Spells              Type           Power      Damage    Failure   Level
a - Foxfire               Conj/Fire      56%        2x1d6     3%          1
b - Scorch                Fire           36%        2d6       2%          2

Your spell library contained the following spells:

 Spells                   Type           Power      Damage    Failure   Level
 Freeze                   Ice            20%        1d4       14%         1
 Inner Flame              Hex/Fire       11%        N/A       16%         3
 Volatile Blastmotes      Fire/Tloc      22%        2d11      16%         3
 Cigotuvi's Dreadful Rot  Necr/Pois/Air  10%        N/A       21%         2
 Sublimation of Blood     Necr           5%         N/A       21%         2
 Hailstorm                Conj/Ice       7%         3d4       30%         3
 Flame Wave               Conj/Fire      14%        2d6       36%         4
 Frozen Ramparts          Ice            10%        1d2       38%         3
 Dispel Undead            Necr           5%         3d7       80%         4
 Petrify                  Tmut/Erth      5%         N/A       80%         4
 Irradiate                Conj/Tmut      3%         3d12      95%         5
 Death Channel            Necr           2%         N/A       100%        6


Dungeon Overview and Level Annotations

Branches:
Dungeon (2/15)

Altars:
Hepliaklqana


Innate Abilities, Weirdness & Mutations

You have very sharp teeth.
Your uncanny sense of smell can sniff out nearby items.
Your experience applies equally to all skills.
You are frail. (-10% HP)
Your muscles are strong. (Str +4, Int/Dex -1)


Message History

You conjure some foxfire!
You feel sick.
The foxfire hits the adder.
The adder is severely wounded.
The adder bites you.
You are more poisoned.
The adder poisons you! The adder bites you.
You feel sick. The adder bites you but does no damage.
You are too injured to fight recklessly!
You feel sick. The adder bites you.
You feel sick. The adder barely misses you. The adder bites you.
You are too injured to fight recklessly!
You feel sick. The adder bites you but does no damage.
Casting: Foxfire (safe; 3% risk of failure)
Press: ? - help, Q - select action, (/) - cycle Dir - look around, f - activate You conjure some foxfire!
You feel sick. The adder bites you.
* * * LOW HITPOINT WARNING * * *
Unknown command.
You feel sick.
The foxfire hits the adder.
The adder is severely wounded.
The adder misses you. The adder bites you but does no damage.
You feel sick.
You are no longer poisoned.
You closely miss the adder. Your bite misses the adder.
The adder is severely wounded.
The adder misses you. The adder bites you.
* * * LOW HITPOINT WARNING * * *
You are lethally poisoned!
The adder poisons you!
It was a potion of degeneration.
There was something very wrong with that liquid.
You feel weakened.
You feel dopey.
You feel clumsy.
* * * LOW HITPOINT WARNING * * *
You feel sick. The adder misses you.
It was a potion of resistance.
You feel protected.
* * * LOW HITPOINT WARNING * * *
You feel sick. The adder completely misses you. The adder closely misses you.
It was a potion of mutation.
You feel extremely strange.
You feel frail.
You feel stronger.
You die...

#...#.####.# #...#.# #.#
####...#.## #.# #.........#
#.# #.........# #.#
#.........# #.# #####...####
#.#
..>.....######.############
............##.S@....†....#
#..########...###########.####
#.. ##.....## #....#
...######.......# ####.#
..............# #.#
#######.......# #.# ##.....##
#.# ##...## #.# #..## #.##


You could see an adder.

Vanquished Creatures
  An adder (D:2)
  A dart slug (D:1)
  4 bats
  2 endoplasms (D:1)
  2 goblins (D:1)
  3 hobgoblins
  5 ball pythons
  A frilled lizard (D:2)
  3 kobolds
  4 rats
26 creatures vanquished.

Vanquished Creatures (others)
  95 foxfires
95 creatures vanquished.

Grand Total: 121 creatures vanquished

Notes
Turn   | Place    | Note
-------+----------+-------------------------------------------
     0 | D:1      | retardedninja the Gnoll Fire Elementalist began the quest
                  | for the Orb.
     0 | D:1      | Reached XP level 1. HP: 13/13 MP: 6/6
   204 | D:1      | Reached XP level 2. HP: 19/19 MP: 5/7
   563 | D:1      | Learned a level 2 spell: Scorch
  1133 | D:2      | Reached skill level 5 in Spellcasting
  1133 | D:2      | Reached XP level 3. HP: 25/25 MP: 4/9
  1202 | D:2      | Found a hazy altar of Hepliaklqana.
  1261 | D:2      | Reached skill level 1 in Invocations
  1423 | D:2      | HP: 1/25 [poisoned by an adder]
  1425 | D:2      | Gained mutation: You are frail. (-10% HP) [potion of
                  | mutation]
  1425 | D:2      | Gained mutation: Your muscles are strong. (Str +4, Int/Dex
                  | -1) [potion of mutation]
  1425 | D:2      | Succumbed to an adder's poison

Illustrated notes

Levels and vault maps discovered:
D:1:      tekkud_arrival_beachfront_property, layout_loops_ring
D:2:      layout_loops_ring, basic_altar

Skill      XL: |  1  2  3 |
---------------+----------+-----
Conjurations   | 2 |  2.1
Spellcasting   | 5 |  5.0
Invocations    | 1 |  1.0
Fighting       | |  0.8
Short Blades   | |  0.8
Long Blades    | |  0.8
Axes           | |  0.8
Maces & Flails | |  0.8
Polearms       | |  0.8
Staves         | |  0.8
Ranged Weapons | |  0.8
Throwing       | |  0.8
Armour         | |  0.8
Dodging        | |  4.5
Stealth        | |  4.1
Shields        | |  0.8
Unarmed Combat | |  0.8
Hexes          | |  0.5
Summonings     | |  0.5
Necromancy     | |  0.5
Translocations | |  0.5
Transmutations | |  0.5
Fire Magic     | |  5.4
Ice Magic      | |  0.5
Air Magic      | |  0.5
Earth Magic    | |  0.5
Poison Magic   | |  0.5
Evocations     | |  0.8

Action                     || total
---------------------------++-------
  Melee: Club              ||     2
         Broad axe         ||     1
   Cast: Foxfire           ||    70
         Scorch            ||     1
    Use: Potion            ||     3
 Armour: Robe              ||    14
  Dodge: Dodged            ||    20

Table legend: (Time is in decaauts)
 A = Elapsed time spent in this place.
 B = Non-inter-level travel time spent in this place.
 C = Inter-level travel time spent in this place.
 D = Time resting spent in this place.
 E = Time spent auto-exploring this place.
 F = Levels seen in this place.
 G = Mean time per level.
                   A        B        C        D        E       F      G
               +--------+--------+--------+--------+--------+-----+--------+
         Total |   1424 |   1401 |     23 |      0 |   1140 |   2 |  712.0 |
       Dungeon |   1424 |   1401 |     23 |      0 |   1140 |   2 |  712.0 |
               +--------+--------+--------+--------+--------+-----+--------+

Top non-repeatable levels by time:
     D:1: 944 daAuts
     D:2: 479 daAuts
